 Dungeon Crawl Stone Soup version 0.31-a0-986-g5e6e4ef867 (webtiles) character file.

Game seed: 8949376312597294545

74 LeprechaunX the Changeling (level 4, -1/29 HPs)
             Began as an Octopode Shapeshifter on Nov 20, 2023.
             Slain by Ijyb
             ... wielding a +0 dagger
              (5 damage)
             ... on level 2 of the Dungeon.
             The game lasted 00:02:19 (1586 turns).

LeprechaunX the Changeling (Octopode Shapeshifter)  Turns: 1586, Time: 00:02:20

Health: -1/29      AC:  1    Str: 13    XL:     4   Next: 28%
Magic:  4/4        EV: 13    Int: 12    God:
Gold:   80         SH:  0    Dex: 13    Spells: 3/3 levels left

rFire   . .          .
                       - Unarmed
rCold   . . .        (no shield)
rNeg    . . .        (helmet currently unavailable)
rPois   .            (no amulet)
rElec   .            e - ring of willpower
rCorr   .            (no ring)
SInv    .            (no ring)
Will    +....        (no ring)
Stlth   ++           (no ring)
HPRegen 0.24/turn    (no ring)
MPRegen 0.09/turn    (no ring)
                     (no ring)

%: no passive effects
@: lethally poisoned (-1 -> -3), beast-form
A: beast (slay +2), almost no armour, amphibious, 8 rings, camouflage 1,
gelatinous body 1, (nimble swimmer 1), tentacles
a: Begin Untransformation


You were on level 2 of the Dungeon.
You were a hulking beast.
You visited 1 branch of the dungeon, and saw 3 of its levels.

You collected 80 gold pieces.

Inventory:

Hand Weapons
 a - a +0 sling
Missiles
 l - 2 javelins
 o - a throwing net
Jewellery
 e - a ring of willpower (left tentacle)
Talismans
 b - a beast talisman
 c - a flux talisman
Scrolls
 d - 2 scrolls of fear {unknown}
 f - a scroll of amnesia {unknown}
 h - 2 scrolls of revelation {unknown}
 i - 2 scrolls of teleportation {unknown}
Potions
 g - a potion of lignification
 j - a potion of mutation {unknown}
 k - a potion of curing {unknown}
 m - a potion of heal wounds {unknown}
 n - a potion of might {unknown}
 p - 2 potions of haste {unknown}


   Skills:
 + Level 2.0 Fighting
 + Level 0.6 Throwing
 - Level 2.0 Dodging
 + Level 3.5 Unarmed Combat
 * Level 3.9 Shapeshifting


You had 3 spell levels left.
You didn't know any spells.
Your spell library contained the following spells:

 Spells                   Type           Power      Damage    Failure   Level
 Sublimation of Blood     Necr           0%         N/A       45%         2
 Wereblood                Tmut           0%         N/A       45%         2
 Summon Hydra             Summ           0%         N/A       100%        7


Dungeon Overview and Level Annotations

Branches:
Dungeon (3/15)

Altars:

Annotations:
D:2 Ijyb


Innate Abilities, Weirdness & Mutations

You are a hulking beast.
Your limbs bulge with bestial killing power. (Slay +2)
You cannot wear most types of armour.
You are amphibious.
You can wear up to eight rings at the same time.
Your skin changes colour to match your surroundings (Stealth+).
Your rubbery body absorbs attacks. (AC +1, EV +1)
((You are camouflaged when in or above water. (Stealth+)))
You have tentacles for arms and can constrict up to eight enemies at once.


Message History

You kill the orc!
An orc priest comes into view. It is wielding a +0 flail.
You swing at nothing.
You swing at nothing.
An orc comes into view. It is wielding a +0 club.
You swing at nothing.
The orc hits you with a +1 hand axe of venom.
You are poisoned.
Ijyb hits you with a +0 dagger.
You climb upwards.
You feel very sick.
There is a stone staircase leading down here.
You closely miss Ijyb. You grab Ijyb. You constrict Ijyb.
* * * LOW HITPOINT WARNING * * *
You feel sick.
You tentacle-slap the orc. You grab the orc.
The orc is heavily wounded.
You constrict Ijyb. You constrict the orc.
You feel sick.
Ijyb zaps a wand.
The puff of flame misses you. The orc misses you.
Unknown command.
You tentacle-slap the orc.
You kill the orc!
You constrict Ijyb.
* * * LOW HITPOINT WARNING * * *
You feel sick.
Ijyb zaps a wand.
The puff of flame misses you.
Unknown command.
You tentacle-slap Ijyb.
Ijyb is moderately wounded.
You constrict Ijyb.
You feel sick. Ijyb misses you.
You tentacle-slap Ijyb.
Ijyb is moderately wounded.
You constrict Ijyb, but do no damage.
You feel sick.
Ijyb screams, "Me very upset!"
Ijyb barely misses you.
Unknown command.
You tentacle-slap Ijyb but do no damage.
You squeeze Ijyb, but do no damage.
Ijyb is moderately wounded.
You constrict Ijyb. Ijyb hits you with a +0 dagger.
You die...

..............##....#....#.###...
....................######...#..#
........................####.#...
....###....................#.#.##
##### #..........#.........+.#.##
##### #..........#.........#.#...
....###....................#...##
...........................###.#.
...............)h..........###...
............>....g...........#.#.
....................########...##
..........######..........####...
..........# #..........# ####
..........# ###..........#
..######### #............# ..#
###### #............# ..####....#
#............#######


You could see Ijyb.

Vanquished Creatures
  3 adders (D:2)
  A worm (D:2)
  4 orcs
  4 endoplasms
  3 hobgoblins
  6 jackals (D:2)
  4 kobolds
  A quokka (D:2)
  3 ball pythons (D:2)
  2 frilled lizards (D:1)
  5 goblins
  2 rats (D:2)
38 creatures vanquished.

Notes
Turn   | Place    | Note
-------+----------+-------------------------------------------
     0 | D:1      | LeprechaunX the Octopode Shapeshifter began the quest for
                  | the Orb.
     0 | D:1      | Reached XP level 1. HP: 13/13 MP: 1/1
   264 | D:1      | Reached XP level 2. HP: 18/18 MP: 2/2
   809 | D:2      | Reached XP level 3. HP: 23/23 MP: 3/3
  1101 | D:2      | Found a faded altar of an unknown god.
  1212 | D:2      | Reached XP level 4. HP: 26/29 MP: 4/4
  1570 | D:3      | Noticed Ijyb
  1586 | D:2      | Slain by Ijyb

Illustrated notes

Levels and vault maps discovered:
D:1:      dpeg_arrival_long_road, layout_loops_ring, minmay_hedge_maze,
          chequers_serial_rivers_micro_e
D:2:      layout_basic, ebering_ecumenical_altar_box
D:3:      layout_rooms, uniq_ijyb

Skill      XL: |  1  2  3  4 |
---------------+-------------+-----
Fighting       | 2 |  2.0
Throwing       | |  0.6
Dodging        | |  2.0
Unarmed Combat | |  3.5
Shapeshifting  | |  3.9

Action                     |  1- 3 |  4- 6 || total
---------------------------+-------+-------++-------
  Melee: Unarmed           |    50 |    23 ||    73
         Tentacles         |     6 |     3 ||     9
         Constrict         |     8 |     8 ||    16
         Punch             |     3 |       ||     3
   Stab: Sleeping          |     6 |       ||     6
 Armour: Skin              |    23 |     8 ||    31
  Dodge: Dodged            |    32 |    13 ||    45

Table legend: (Time is in decaauts)
 A = Elapsed time spent in this place.
 B = Non-inter-level travel time spent in this place.
 C = Inter-level travel time spent in this place.
 D = Time resting spent in this place.
 E = Time spent auto-exploring this place.
 F = Levels seen in this place.
 G = Mean time per level.
                   A        B        C        D        E       F      G
               +--------+--------+--------+--------+--------+-----+--------+
         Total |   1580 |   1514 |     66 |      0 |   1259 |   3 |  526.7 |
       Dungeon |   1580 |   1514 |     66 |      0 |   1259 |   3 |  526.7 |
               +--------+--------+--------+--------+--------+-----+--------+

Top non-repeatable levels by time:
     D:2: 833 daAuts
     D:1: 720 daAuts
     D:3: 26 daAuts
